 Dungeon Crawl Stone Soup version 0.20.1-1-g8b1a95d (console) character file.

148 Goblin1989 the Chopper (level 5, -2/70 HPs)
             Began as a Hill Orc Monk on July 8, 2017.
             Was a Believer of Makhleb.
             Slain by a worker ant (3 damage)
             ... on level 4 of the Dungeon.
             The game lasted 00:07:09 (3757 turns).

Goblin1989 the Chopper (Hill Orc Monk)              Turns: 3757, Time: 00:07:10

Health: -2/70      AC: 22    Str: 15    XL:     5   Next: 30%
Magic:  5/5        EV:  2    Int: 15    God:    Makhleb [**....]
Gold:   115        SH:  5    Dex: 13    Spells: 4/4 levels left

rFire    . . .     SeeInvis .   a - +0 hand axe
rCold    . . .     Gourm    .   (no shield)
rNeg     + + +     Faith    .   (armour currently unavailable)
rPois    +         Spirit   .   (helmet currently unavailable)
rElec    .         Reflect  +   (cloak currently unavailable)
rCorr    +         Harm     .   (gloves currently unavailable)
MR       .....     NoTele   +   (boots currently unavailable)
Stlth    +++.......             m - +5 amulet of reflection
Regen    0.3/turn               x - ring of stealth
MPRegen  0.1/turn               g - ring of resist corrosion

@: brilliant, tree-form
A: no striking features
a: Minor Destruction, Renounce Religion


You were on level 4 of the Dungeon.
You worshipped Makhleb.
Makhleb was pleased with you.
You were very hungry.
You were a tree.
You visited 1 branch of the dungeon, and saw 4 of its levels.

You collected 115 gold pieces.

Inventory:

Hand Weapons
 a - a +0 hand axe (weapon)
 w - a +0 blowgun {@w1}
 L - a +0 blowgun {@w1}
Armour
 z - a +2 pair of gloves (melded)
 G - a +0 scale mail (melded)
Jewellery
 g - a ring of resist corrosion (right branch)
 m - a +5 amulet of reflection (around neck)
 x - a ring of stealth (left branch)
Scrolls
 h - 3 scrolls of teleportation {unknown}
 j - a scroll of amnesia {unknown}
 l - a scroll of identify {unknown}
 p - 2 scrolls of immolation {unknown}
 y - 2 scrolls of magic mapping {unknown}
 K - a scroll of remove curse {unknown}
Potions
 f - a potion of might {unknown}
 i - a potion of curing {@q1}
 n - a potion of mutation {unknown}
 q - 2 potions of heal wounds {unknown}
 B - a potion of brilliance
 D - a potion of lignification
 I - a potion of resistance {unknown}
 J - a potion of flight {unknown}
Comestibles
 e - 2 bread rations {@e1}
 o - 2 royal jellies
 C - 7 fruits
 E - a meat ration {@e2}


   Skills:
 + Level 4.6 Fighting
 * Level 5.7 Axes
 + Level 1.3 Armour
 + Level 3.1 Dodging
 - Level 1.5 Stealth
 + Level 0.3 Invocations


You had 4 spell levels left.
You didn't know any spells.

Dungeon Overview and Level Annotations

Branches:
Dungeon (4/15)
 Temple: D:4-7

Altars:
Ashenzari
Dithmenos
Gozag
Makhleb
Okawaru
The Shining One

Annotations:
D:4 Menkaure


Message History

No target in view!
No target in view!
No target in view!
No target in view!
No target in view!
No target in view!
No target in view!
No target in view!
No target in view!
No target in view!
No target in view!
No target in view!
No target in view!
No target in view!
i - 2 silvery potions (gained 1) Done exploring.
Done exploring.
(D) Dungeon
Where to? (Enter - D:3, ? - help)
You see here a ring mail.
There is a stone staircase leading down here.
You climb downwards.
You are feeling very hungry.
There is a stone staircase leading up here.
A worker ant comes into view.
Marking area around Menkaure as unsafe for travelling.
Menkaure, Prince of Dust comes into view.
Menkaure shouts!
The worker ant moves out of view.
Unknown command.
Menkaure gestures wildly while chanting.
Menkaure seems to speed up.
A centaur skeleton comes into view.
You block Menkaure's attack.
A jackal and an orc come into view.
You closely miss Menkaure.
The jackal barks!
You hit the worker ant.
You hear a shout! x4
Menkaure points at you and mumbles some strange words.
Pain shoots through your body!
The orc throws a tomahawk.
The tomahawk hits you but does no damage.
The worker ant bites you.
You are poisoned.
The worker ant poisons you! Menkaure hits you!
* * * LOW HITPOINT WARNING * * *
You take 28 damage, and have 19/47 hp.
MASSIVE DAMAGE!!
You hit Menkaure.
Menkaure is lightly damaged.
You hit the worker ant.
You feel sick.
The orc moves out of view.
The worker ant bites you but does no damage.
Menkaure hits you.
* * * LOW HITPOINT WARNING * * *
2 orcs come into view.
You take 6 damage, and have 13/47 hp.
Unknown command.
You hit Menkaure.
Menkaure is lightly damaged.
You closely miss the worker ant. You hit the jackal but do no damage.
You feel sick. The jackal misses you. The worker ant bites you.
* * * LOW HITPOINT WARNING * * *
Menkaure closely misses you. You block the jackal's attack.
An orc wizard comes into view. It is wielding a dagger.
You take 5 damage, and have 8/47 hp.
It was a potion of brilliance.
You feel clever all of a sudden.
You feel sick.
Menkaure sighs a few words.
Menkaure calls on the powers of darkness!
The worker ant convulses!
Your body is wracked with pain!
* * * LOW HITPOINT WARNING * * *
The jackal convulses!
The orc convulses!
The worker ant bites you.
* * * LOW HITPOINT WARNING * * *
You are more poisoned.
The worker ant poisons you!
The jackal bites you but does no damage.
The orc wizard gestures wildly while chanting.
The orc wizard flickers and vanishes!
Deactivating autopickup; reactivate with Ctrl-A.
You take 5 damage, and have 3/47 hp.
It was a potion of curing.
You feel better.
The jackal bites you but does no damage.
The worker ant bites you.
* * * LOW HITPOINT WARNING * * *
Menkaure closely misses you. You block the jackal's attack.
You regained 5 hp, and now have 8/47 hp.
Unknown command.
Unknown command.
Unknown command.
It was a potion of lignification.
You turn into a tree.
Your +2 pair of gloves melds into your body.
Your +0 scale mail melds into your body.
Your roots penetrate the ground.
The worker ant bites you but does no damage.
Menkaure hits you!
* * * LOW HITPOINT WARNING * * *
The jackal completely misses you.
You block the centaur skeleton's attack.
The worker ant bites you.
You die...

█. █.█ ██ █..
.█..███.█ █...█..█.
..█...█..███
█...█...█..███
█...█Ma.█..██
█oh♣█...█.█
█...█Z..█...██████.
█...█.oo█...█.....)..
..█ ..█...█...██████.
█ █...█...█.<..█
..█...█....█.█
.█...█...█..█ █ █.
█...█...██ .█...█.█


You could see Menkaure, a worker ant, 3 orcs, a jackal and a centaur skeleton.

Vanquished Creatures
  A hound (D:3)
  5 adders
  3 worms
  2 dart slugs
  A leopard gecko (D:2)
  An orc (D:3)
  8 bats
  10 goblins
  6 hobgoblins
  4 jackals (D:1)
  A ball python (D:1)
  3 frilled lizards
  11 kobolds
  4 rats
60 creatures vanquished.

Notes
Turn   | Place    | Note
-------+----------+-------------------------------------------
     0 | D:1      | Goblin1989 the Hill Orc Monk began the quest for the Orb.
     0 | D:1      | Reached XP level 1. HP: 19/19 MP: 1/1
   258 | D:1      | Reached XP level 2. HP: 22/27 MP: 2/2
   667 | D:1      | Reached XP level 3. HP: 7/33 MP: 3/3
  1360 | D:1      | Reached skill level 5 in Axes
  1916 | D:2      | Reached XP level 4. HP: 34/40 MP: 4/4
  2519 | D:2      | Reached skill level 1 in Armour
  3117 | D:3      | Found a burning altar of Makhleb.
  3127 | D:3      | Reached XP level 5. HP: 39/47 MP: 5/5
  3135 | D:3      | Became a worshipper of Makhleb the Destroyer
  3135 | D:3      | Reached * piety under Makhleb
  3135 | D:3      | Reached ** piety under Makhleb
  3236 | D:3      | Found an opulent altar of Gozag.
  3267 | D:3      | Found an iron altar of Okawaru.
  3344 | D:3      | Found a shadowy altar of Dithmenos.
  3595 | D:3      | Found a shattered altar of Ashenzari.
  3596 | D:3      | Found a glowing golden altar of the Shining One.
  3748 | D:4      | Noticed Menkaure
  3757 | D:4      | HP: 1/70 [Menkaure (11)]
  3757 | D:4      | Slain by a worker ant

Skill      XL: |  1  2  3  4 |
---------------+-------------+-----
Fighting       | 4 |  4.6
Axes           | 5 |  5.7
Dodging        | 3 |  3.1
Armour         | 1 |  1.3
Stealth        | |  1.5
Invocations    | |  0.3

Action                   |  1- 3 |  4- 6 || total
-------------------------+-------+-------++-------
Melee: Hand axe          |   118 |   113 ||   231
  Use: Potion            |       |     3 ||     3
 Stab: Sleeping          |     4 |     7 ||    11
       Distracted        |       |     1 ||     1
  Eat: Chunk             |     3 |     5 ||     8
Armor: Robe              |    13 |    14 ||    27
       Scale mail        |       |     9 ||     9
       Skin              |       |     1 ||     1
Dodge: Dodged            |    63 |    55 ||   118
Block: Other             |    11 |    31 ||    42
       Reflection        |       |     3 ||     3

Vault maps used:
D:1:      grunt_arrival_crossed_arrows
D:2:      serial_forest, infiniplex_forest_straight_5,
          infiniplex_forest_clump_curved, infiniplex_forest_corner_2,
          infiniplex_forest_zigzag_1
D:3:      nicolae_overflow_crystal_walls, grunt_dithmenos_smoke_and_mirrors,
          makhleb_blood_cavern_becter, minitemple, okawaru_ov_weapons_minmay
D:4:      serial_shops, shop, hex_large, uniq_menkaure
